Eagles vs Icehogs
Created - April 10, 2025 at 21:45
Goals
|
| Eagles |
1 |
1 |
2 |
4 |
| Icehogs |
3 |
1 |
1 |
5 |
|
Shots
|
| Eagles |
11 |
7 |
12 |
30 |
| Icehogs |
21 |
8 |
8 |
37 |
|
1st period
1. Icehogs , Hudson Fasching 45 (Mikhail Grigorenko 44, Zach Whitecloud 15) at 4:40
2. Icehogs , Andrew Poturalski 20 (Patrick Sieloff 44, Nikita Scherbak 21) at 7:10
3. Eagles , Zach Aston-Reese 14 (Jonathan Racine 13, Brett Leason 3) at 12:55
4. Icehogs , Dillon Dube 29 (Hudson Fasching 64, Jeremy Davies 36) at 16:35
Penalties :
Brett Leason (Col) for Delaying the game (Minor) at 7:48, Tyler Motte (Col) for Interference (Minor) at 19:53
2nd period
5. Icehogs , Mikhail Grigorenko 32 (Hudson Fasching 65, Patrick Sieloff 45) at 0:16 (PP)
6. Eagles , Gabriel Vilardi 30 (Michael McLeod 47) at 8:15
Penalties :
Jack Dougherty (Col) for Cross-checking (Minor) at 15:00, Mattias Samuelsson (Col) for Tripping (Minor) at 15:51, Mitchell Chaffee (Roc) for Boarding (Minor) at 18:09
3rd period
7. Eagles , Jack Hughes 34 (Matthew Phillips 32, Jack Dougherty 20) at 0:14
8. Eagles , Michael McLeod 40 (Gabriel Vilardi 37) at 9:25 (PP)
9. Icehogs , Dillon Dube 30 (Hudson Fasching 66, Mikhail Grigorenko 45) at 10:30
Penalties :
Nikita Scherbak (Roc) for Interference (Minor) at 1:55, Jeremy Davies (Roc) for Roughing (Minor) at 9:12, Mikhail Grigorenko (Roc) for Tripping (Minor) at 15:50
Goalie Stats
Adin Hill (Col), 32 saves from 37 shots - (0.865), L, 25-18-5, 60:00 minutes
Mackenzie Blackwood (Roc), 26 saves from 30 shots - (0.867), W, 26-20-4, 60:00 minutes
Players Stats for Eagles
Player Name G A P +/- PIM S H SB GA TA FO MP PP MP PK MP
------------------------------------------------------------------------------------
Brett Leason 0 1 1 0 2 0 2 0 1 0 0/0 9:04 0:10 0:00
Connor Carrick 0 0 0 -2 0 0 1 2 0 2 0/0 18:51 0:10 2:39
Elmer Soderblom 0 0 0 0 0 0 2 0 0 0 0/0 8:31 0:00 0:00
Gabriel Vilardi 1 1 2 -2 0 1 1 0 0 1 3/3 20:10 3:02 0:22
Jack Dougherty 0 1 1 0 2 1 1 1 0 1 0/0 20:29 3:10 1:01
Jack Hughes 1 0 1 1 0 3 1 0 0 0 11/19 17:58 2:52 1:21
Jonathan Racine 0 1 1 1 0 3 5 2 0 1 0/0 19:16 2:50 1:37
Keaton Middleton 0 0 0 -1 0 2 2 1 1 1 0/0 23:54 3:10 2:39
Kevin Bahl 0 0 0 1 0 0 0 2 0 1 0/0 15:57 0:00 0:46
Matteson Iacopelli 0 0 0 0 0 3 0 0 0 0 1/2 14:06 0:10 0:00
Matthew Phillips 0 1 1 1 0 3 0 0 3 0 0/1 12:23 2:58 0:00
Mattias Samuelsson 0 0 0 -1 2 1 0 0 0 0 0/0 21:07 3:00 1:25
Michael Carcone 0 0 0 -2 0 2 1 0 0 0 0/1 21:24 3:02 1:47
Michael McLeod 1 1 2 -2 0 4 1 3 1 0 7/25 21:14 3:02 2:52
Pius Suter 0 0 0 1 0 1 1 0 0 0 0/0 12:32 2:58 0:09
Sam Steel 0 0 0 0 0 2 3 0 0 0 1/4 9:52 0:00 0:22
Tyler Motte 0 0 0 0 2 1 2 1 0 0 0/0 16:10 0:00 2:39
Zach Aston-Reese 1 0 1 0 0 3 2 0 0 0 2/3 10:38 0:16 0:00
Players Stats for Icehogs
Player Name G A P +/- PIM S H SB GA TA FO MP PP MP PK MP
------------------------------------------------------------------------------------
Andrew Poturalski 1 0 1 1 0 3 2 0 4 0 6/11 14:19 2:00 0:58
Ben Johnson 0 0 0 0 0 1 0 0 0 1 3/5 12:31 0:09 1:29
Calle Andersson 0 0 0 1 0 1 1 0 0 1 0/0 20:39 1:56 2:43
Declan Chisholm 0 0 0 0 0 0 0 1 0 1 0/0 12:27 0:00 0:00
Dillon Dube 2 0 2 1 0 5 0 1 0 1 17/29 23:50 3:03 3:07
Gabriel Fortier 0 0 0 -1 0 0 2 0 0 0 0/0 9:32 0:00 0:43
Hudson Fasching 1 3 4 2 0 6 0 0 0 0 1/3 20:06 3:03 0:00
Jeremy Davies 0 1 1 1 2 1 0 1 0 1 0/0 20:38 1:56 2:43
JJ. Piccinich 0 0 0 0 0 2 0 0 0 0 1/1 10:57 0:09 0:00
Julius Honka 0 0 0 0 0 1 2 1 1 1 0/0 26:54 3:16 3:27
Maxim Letunov 0 0 0 -1 0 1 0 0 0 0 1/3 8:44 0:00 0:00
Mikhail Grigorenko 1 2 3 1 2 9 2 1 2 0 1/2 23:24 3:03 2:37
Mitchell Chaffee 0 0 0 -2 2 1 0 0 0 0 0/0 8:49 0:00 0:00
Nikita Scherbak 0 1 1 1 2 3 1 0 0 0 0/1 14:56 2:00 1:05
Nils Hoglander 0 0 0 1 0 2 1 0 0 0 2/2 14:19 2:00 0:58
Patrick Sieloff 0 2 2 0 0 0 1 2 0 0 0/0 26:54 3:16 3:27
Ross Johnston 0 0 0 0 0 0 5 0 0 0 1/1 12:20 0:09 1:23
Zach Whitecloud 0 1 1 0 0 1 0 0 0 0 0/0 12:27 0:00 0:00
3 Stars
1 - Hudson Fasching (Roc)
2 - Dillon Dube (Roc)
3 - Mikhail Grigorenko (Roc)
Power Play
Eagles - 1 on 4 Attempt(s) - 25.00%
Icehogs - 1 on 4 Attempt(s) - 25.00%
Penalty Kill
Eagles - 3 on 4 Attempt(s) - 75.00%
- Score 0 goal in Penalty Kill
Icehogs - 3 on 4 Attempt(s) - 75.00%
- Score 0 goal in Penalty Kill
Team Stat
Eagles - Hits : 25 - Faceoff Wins : 25 - Blocked Shots : 12 - Penalty Minutes : 8
Icehogs - Hits : 17 - Faceoff Wins : 33 - Blocked Shots : 7 - Penalty Minutes : 8
Official
Referees : Jean Hebert and Chris Rooney
Linesman : Andrew Smith and Michel Cormier
Game Notes
10:30 of 3rd period - Icehogs goal is going for a video replay. After video review, Goal.
Finance
Level 1 -- Attendance: 1889 (94.45%) -- Ticket Income $132,230
Level 2 -- Attendance: 897 (89.70%) -- Ticket Income $35,880
Total Attendance: 2786 (92.87%)
Total Ticket Income: $168,110
Other Income: $8,406
Total Income: $176,516
Eagles
5 vs 5 Forward
Center Left Wing Right Wing Time % Phy DF OF
1 Michael McLeod Michael Carcone Gabriel Vilardi 35 1 2 2
2 Jack Hughes Tyler Motte Matteson Iacopelli 34 1 2 2
3 Sam Steel Pius Suter Matthew Phillips 21 1 2 2
4 Zach Aston-Reese Elmer Soderblom Brett Leason 10 1 2 2
5 vs 5 Defense
Defense Defense Time % Phy DF OF
1 Connor Carrick Keaton Middleton 33 1 2 2
2 Jack Dougherty Mattias Samuelsson 32 1 2 2
3 Kevin Bahl Jonathan Racine 30 1 3 1
4 Mattias Samuelsson Keaton Middleton 5 1 2 2
PowerPlay Forward
Center Left Wing Right Wing Time % Phy DF OF
1 Michael McLeod Michael Carcone Gabriel Vilardi 50 1 1 3
2 Jack Hughes Pius Suter Matthew Phillips 50 1 1 3
PowerPlay Defense
Defense Defense Time % Phy DF OF
1 Jack Dougherty Keaton Middleton 50 1 1 3
2 Jonathan Racine Mattias Samuelsson 50 1 1 3
Penalty Kill 4 Players Forward
Center Wing Time % Phy DF OF
1 Michael McLeod Tyler Motte 65 1 3 1
2 Sam Steel Gabriel Vilardi 35 1 3 1
Penalty Kill 4 Players Defense
Defense Defense Time % Phy DF OF
1 Connor Carrick Keaton Middleton 65 1 3 1
2 Mattias Samuelsson Jack Dougherty 35 1 1 3
Penalty Kill - 3 Players Forward
Forward Time % Phy DF OF
1 Michael McLeod 65 1 4 0
2 Tyler Motte 35 1 4 0
Penalty Kill - 3 Players Defense
Defense Defense Time % Phy DF OF
1 Connor Carrick Keaton Middleton 70 1 4 0
2 Mattias Samuelsson Jack Dougherty 30 1 4 0
4 vs 4 Forward
Center Wing Time % Phy DF OF
1 Michael McLeod Michael Carcone 50 1 2 2
2 Jack Hughes Gabriel Vilardi 50 1 2 2
4 vs 4 Defense
Defense Defense Time % Phy DF OF
1 Connor Carrick Jack Dougherty 50 1 2 2
2 Keaton Middleton Jonathan Racine 50 1 2 2
Last Minutes Offensive
Center Left Wing Right Wing Defense Defense
Jack Hughes Michael Carcone Gabriel Vilardi Keaton Middleton Jack Dougherty
Last Minutes Defensive
Center Left Wing Right Wing Defense Defense
Michael McLeod Tyler Motte Gabriel Vilardi Connor Carrick Keaton Middleton
Goaltenders
Starting : Adin Hill
Backup : Daniel Altshuller
Extra Forwards
Normal : Zach Aston-Reese, Brett Leason, Elmer Soderblom - PP : Zach Aston-Reese, Brett Leason - PK : Michael Carcone
Extra Defensemen
Normal : Kevin Bahl, Jonathan Racine, Mattias Samuelsson - PP : Connor Carrick - PK : Jonathan Racine, Kevin Bahl
Penalty Shots
Jack Hughes, Gabriel Vilardi, Michael McLeod, Pius Suter, Brett Leason
Custom OT Lines Forwards
Michael McLeod, Michael Carcone, Zach Aston-Reese, Tyler Motte, Sam Steel, Jack Hughes, Matteson Iacopelli, Pius Suter, Elmer Soderblom, Brett Leason
Custom OT Lines Defensemen
Connor Carrick, Jack Dougherty, Keaton Middleton, Jonathan Racine, Mattias Samuelsson
Scratches
Chris Calhan (Healthy), Dominik Kubalik (Healthy), Mark Friedman (Healthy), Tyler Tucker (Healthy), Michael Dal Colle (Healthy)
Xavier Ouellet (Healthy), Alexander Nylander (Healthy), Max Lajoie (Healthy), Pascal Laberge (Healthy), Marian Studenic (Healthy)
Ilya Nikolaev (Healthy), Santeri Hatakka (Healthy), Jacob Leguerrier (Healthy), Zachary Emond (Healthy), Linus Ullmark (Healthy)
Hugo Alnefelt (Healthy)
Icehogs
5 vs 5 Forward
Center Left Wing Right Wing Time % Phy DF OF
1 Dillon Dube Mikhail Grigorenko Hudson Fasching 40 1 2 2
2 Andrew Poturalski Nils Hoglander Nikita Scherbak 30 1 2 2
3 Ben Johnson Ross Johnston JJ. Piccinich 20 1 2 2
4 Maxim Letunov Gabriel Fortier Mitchell Chaffee 10 1 2 2
5 vs 5 Defense
Defense Defense Time % Phy DF OF
1 Patrick Sieloff Julius Honka 40 1 2 2
2 Jeremy Davies Calle Andersson 30 1 2 2
3 Zach Whitecloud Declan Chisholm 20 1 2 2
4 Patrick Sieloff Julius Honka 10 1 2 2
PowerPlay Forward
Center Left Wing Right Wing Time % Phy DF OF
1 Dillon Dube Mikhail Grigorenko Hudson Fasching 60 1 2 2
2 Andrew Poturalski Nils Hoglander Nikita Scherbak 40 1 2 2
PowerPlay Defense
Defense Defense Time % Phy DF OF
1 Patrick Sieloff Julius Honka 60 1 2 2
2 Jeremy Davies Calle Andersson 40 1 2 2
Penalty Kill 4 Players Forward
Center Wing Time % Phy DF OF
1 Dillon Dube Mikhail Grigorenko 60 1 2 2
2 Andrew Poturalski Nils Hoglander 40 1 2 2
Penalty Kill 4 Players Defense
Defense Defense Time % Phy DF OF
1 Patrick Sieloff Julius Honka 60 1 2 2
2 Jeremy Davies Calle Andersson 40 1 2 2
Penalty Kill - 3 Players Forward
Forward Time % Phy DF OF
1 Dillon Dube 60 1 2 2
2 Andrew Poturalski 40 1 2 2
Penalty Kill - 3 Players Defense
Defense Defense Time % Phy DF OF
1 Patrick Sieloff Julius Honka 60 1 2 2
2 Jeremy Davies Calle Andersson 40 1 2 2
4 vs 4 Forward
Center Wing Time % Phy DF OF
1 Dillon Dube Mikhail Grigorenko 60 1 2 2
2 Andrew Poturalski Nils Hoglander 40 1 2 2
4 vs 4 Defense
Defense Defense Time % Phy DF OF
1 Patrick Sieloff Julius Honka 60 1 2 2
2 Jeremy Davies Calle Andersson 40 1 2 2
Last Minutes Offensive
Center Left Wing Right Wing Defense Defense
Dillon Dube Mikhail Grigorenko Hudson Fasching Patrick Sieloff Julius Honka
Last Minutes Defensive
Center Left Wing Right Wing Defense Defense
Dillon Dube Mikhail Grigorenko Hudson Fasching Patrick Sieloff Julius Honka
Goaltenders
Starting : Mackenzie Blackwood
Backup : Oscar Dansk
Extra Forwards
Normal : Nikita Scherbak, Ben Johnson, Nils Hoglander - PP : Nikita Scherbak, Ben Johnson - PK : Nikita Scherbak
Extra Defensemen
Normal : Calle Andersson, Zach Whitecloud, Declan Chisholm - PP : Calle Andersson - PK : Calle Andersson, Zach Whitecloud
Penalty Shots
Mikhail Grigorenko, Hudson Fasching, Dillon Dube, Andrew Poturalski, Nikita Scherbak
Custom OT Lines Forwards
Mikhail Grigorenko, Hudson Fasching, Dillon Dube, Andrew Poturalski, Nikita Scherbak, Ben Johnson, Nils Hoglander, Maxim Letunov, Ross Johnston, JJ. Piccinich
Custom OT Lines Defensemen
Patrick Sieloff, Julius Honka, Jeremy Davies, Calle Andersson, Zach Whitecloud
Scratches
Clark Bishop (Healthy), Kristian Reichel (Healthy), Jackson Cates (Healthy), Antoine Morand (Healthy), Nikita Okhotyuk (Healthy)
Egor Afanasyev (Healthy), Petr Kvaca (Healthy)
% Time on Ice - Eagles
Lines # - Real PCT - Wanted PCT - Time Play
Normal Forward
1 - 33% - 35% - 15:25
2 - 30% - 34% - 14:08
3 - 20% - 21% - 9:19
4 - 18% - 10% - 8:31
Normal Defense
1 - 31% - 33% - 14:39
2 - 32% - 32% - 15:14
3 - 32% - 30% - 15:11
4 - 5% - 5% - 2:19
PP Forward
1 - 51% - 50% - 3:08
2 - 49% - 50% - 3:02
PP Defense
1 - 51% - 50% - 3:10
2 - 49% - 50% - 3:00
PK Forward
1 - 91% - 65% - 3:42
2 - 9% - 35% - 0:22
PK Defense
1 - 44% - 65% - 1:47
2 - 56% - 35% - 2:17
PK3 Forward
1 - 100% - 65% - 1:08
2 - 0% - 35% - 0:00
PK3 Defense
1 - 76% - 70% - 0:52
2 - 24% - 30% - 0:16
44 Forward
1 - 0% - 50%
2 - 0% - 50%
44 Defense
1 - 0% - 50%
2 - 0% - 50%
Last Minute Offensive - 1:15
Last Minute Defensive - 0:00
Total
Forward - 60:00
Defense - 60:00
|
% Time on Ice - Icehogs
Lines # - Real PCT - Wanted PCT - Time Play
Normal Forward
1 - 35% - 40% - 16:48
2 - 24% - 30% - 11:21
3 - 22% - 20% - 10:38
4 - 18% - 10% - 8:44
Normal Defense
1 - 37% - 40% - 17:44
2 - 34% - 30% - 16:00
3 - 26% - 20% - 12:27
4 - 3% - 10% - 1:20
PP Forward
1 - 62% - 60% - 3:12
2 - 38% - 40% - 2:00
PP Defense
1 - 63% - 60% - 3:16
2 - 37% - 40% - 1:56
PK Forward
1 - 84% - 60% - 5:12
2 - 16% - 40% - 0:58
PK Defense
1 - 56% - 60% - 3:27
2 - 44% - 40% - 2:43
PK3 Forward
1 - 0% - 60%
2 - 0% - 40%
PK3 Defense
1 - 0% - 60%
2 - 0% - 40%
44 Forward
1 - 0% - 60%
2 - 0% - 40%
44 Defense
1 - 0% - 60%
2 - 0% - 40%
Last Minute Offensive - 0:00
Last Minute Defensive - 1:07
Total
Forward - 60:00
Defense - 60:00
|
Play-by-Play
1st period
0:01 of 1st period - Dillon Dube wins face-off versus Michael McLeod in neutral zone.
0:29 of 1st period - Snap shot by Tyler Motte.
0:29 of 1st period - Shot Misses the Net.
0:31 of 1st period - Snap shot by Tyler Motte.
0:31 of 1st period - Shot Misses the Net.
0:33 of 1st period - Wrist shot by Jack Dougherty.
0:33 of 1st period - Deflect By Tyler Motte.
0:33 of 1st period - Stopped by Mackenzie Blackwood with a rebound.
0:35 of 1st period - Snap shot by Tyler Motte.
0:35 of 1st period - Shot Misses the Net.
0:56 of 1st period - Slapshot by Ben Johnson.
0:56 of 1st period - Shot Misses the Net.
1:50 of 1st period - Wrist shot by Mikhail Grigorenko.
1:50 of 1st period - Stopped by Adin Hill with a rebound.
1:56 of 1st period - Wrist shot by Nikita Scherbak.
1:56 of 1st period - Shot Misses the Net.
1:58 of 1st period - Snap shot by Calle Andersson.
1:58 of 1st period - Stopped by Adin Hill without a rebound.
1:59 of 1st period - Ross Johnston wins face-off versus Michael McLeod in Eagles zone.
2:00 of 1st period - Snap shot by Ben Johnson.
2:00 of 1st period - Shot Misses the Net.
2:08 of 1st period - Ross Johnston is hit by Keaton Middleton and loses puck.
2:25 of 1st period - Mikhail Grigorenko is hit by Tyler Motte and loses puck.
2:52 of 1st period - Wrist shot by Andrew Poturalski.
2:52 of 1st period - Shot Blocked by Kevin Bahl.
2:54 of 1st period - Snap shot by Nikita Scherbak.
2:54 of 1st period - Stopped by Adin Hill without a rebound.
2:55 of 1st period - Nils Hoglander wins face-off versus Sam Steel in Eagles zone.
3:08 of 1st period - Snap shot by Matthew Phillips.
3:08 of 1st period - Shot Misses the Net.
3:10 of 1st period - Snap shot by Jonathan Racine.
3:10 of 1st period - Stopped by Mackenzie Blackwood without a rebound.
3:11 of 1st period - Dillon Dube wins face-off versus Jack Hughes in Icehogs zone.
3:20 of 1st period - Slapshot by Matteson Iacopelli.
3:20 of 1st period - Shot Misses the Net.
3:22 of 1st period - Slapshot by Keaton Middleton.
3:22 of 1st period - Stopped by Mackenzie Blackwood with a rebound.
3:24 of 1st period - Slapshot by Matteson Iacopelli.
3:24 of 1st period - Stopped by Mackenzie Blackwood with a rebound.
3:26 of 1st period - Snap shot by Matteson Iacopelli.
3:26 of 1st period - Shot Misses the Net.
4:04 of 1st period - Snap shot by Mikhail Grigorenko.
4:04 of 1st period - Shot Blocked by Kevin Bahl.
4:22 of 1st period - Wrist shot by Hudson Fasching.
4:22 of 1st period - Shot Misses the Net.
4:24 of 1st period - Slapshot by Zach Whitecloud.
4:24 of 1st period - Deflect By Jonathan Racine.
4:24 of 1st period - Stopped by Adin Hill with a rebound.
4:28 of 1st period - Wrist shot by Mikhail Grigorenko.
4:28 of 1st period - Stopped by Adin Hill with a rebound.
4:40 of 1st period - Wrist shot by Hudson Fasching.
4:40 of 1st period - Goal by Hudson Fasching - Eagles : 0 - Icehogs : 1.
4:41 of 1st period - Nils Hoglander wins face-off versus Michael McLeod in neutral zone.
4:50 of 1st period - Snap shot by Nikita Scherbak.
4:50 of 1st period - Stopped by Adin Hill with a rebound.
5:06 of 1st period - JJ. Piccinich is hit by Tyler Motte.
5:36 of 1st period - Backhand shot by Matthew Phillips.
5:36 of 1st period - Stopped by Mackenzie Blackwood with a rebound.
5:38 of 1st period - Slapshot by Connor Carrick.
5:38 of 1st period - Shot Misses the Net.
5:47 of 1st period - Icing by Nikita Scherbak.
5:48 of 1st period - Michael McLeod wins face-off versus Andrew Poturalski in Icehogs zone.
6:12 of 1st period - Patrick Sieloff is hit by Michael McLeod and loses puck.
7:10 of 1st period - Wrist shot by Andrew Poturalski.
7:10 of 1st period - Goal by Andrew Poturalski - Eagles : 0 - Icehogs : 2.
7:11 of 1st period - Jack Hughes wins face-off versus Ben Johnson in neutral zone.
7:18 of 1st period - Snap shot by Tyler Motte.
7:18 of 1st period - Shot Misses the Net.
7:48 of 1st period - Minor Penalty to Brett Leason for Delaying the game.
7:49 of 1st period - Michael McLeod wins face-off versus Dillon Dube in Eagles zone.
7:59 of 1st period - Snap shot by Mikhail Grigorenko.
7:59 of 1st period - Stopped by Adin Hill without a rebound.
8:00 of 1st period - Michael McLeod wins face-off versus Dillon Dube in Eagles zone.
8:33 of 1st period - Wrist shot by Nils Hoglander.
8:33 of 1st period - Shot Misses the Net.
8:41 of 1st period - Connor Carrick is hit by Andrew Poturalski and loses puck.
9:48 of 1st period - Penalty to Brett Leason is over, Brett Leason is back on ice.
9:55 of 1st period - Slapshot by Zach Aston-Reese.
9:55 of 1st period - Shot Misses the Net.
9:57 of 1st period - Snap shot by Brett Leason.
9:57 of 1st period - Deflect By Zach Aston-Reese.
9:57 of 1st period - Shot Misses the Net.
9:57 of 1st period - Puck is out of play.
9:58 of 1st period - Zach Aston-Reese wins face-off versus Maxim Letunov in Icehogs zone.
10:05 of 1st period - Snap shot by Zach Aston-Reese.
10:05 of 1st period - Stopped by Mackenzie Blackwood without a rebound.
10:06 of 1st period - Ben Johnson wins face-off versus Jack Hughes in Icehogs zone.
10:13 of 1st period - Slapshot by JJ. Piccinich.
10:13 of 1st period - Stopped by Adin Hill without a rebound.
10:14 of 1st period - Ben Johnson wins face-off versus Jack Hughes in Eagles zone.
10:23 of 1st period - Slapshot by Jeremy Davies.
10:23 of 1st period - Stopped by Adin Hill without a rebound.
10:24 of 1st period - Dillon Dube wins face-off versus Jack Hughes in Eagles zone.
10:37 of 1st period - Slapshot by Jack Hughes.
10:37 of 1st period - Stopped by Mackenzie Blackwood with a rebound.
10:53 of 1st period - Nikita Scherbak is hit by Sam Steel and loses puck.
11:18 of 1st period - Wrist shot by Gabriel Vilardi.
11:18 of 1st period - Shot Misses the Net.
12:49 of 1st period - Snap shot by Zach Aston-Reese.
12:49 of 1st period - Shot Misses the Net.
12:51 of 1st period - Slapshot by Jonathan Racine.
12:51 of 1st period - Shot Blocked by Julius Honka.
12:53 of 1st period - Wrist shot by Jonathan Racine.
12:53 of 1st period - Shot Blocked by Patrick Sieloff.
12:55 of 1st period - Slapshot by Jonathan Racine.
12:55 of 1st period - Deflect By Zach Aston-Reese.
12:55 of 1st period - Goal by Zach Aston-Reese - Eagles : 1 - Icehogs : 2.
12:56 of 1st period - Dillon Dube wins face-off versus Jack Hughes in neutral zone.
13:05 of 1st period - Snap shot by Hudson Fasching.
13:05 of 1st period - Stopped by Adin Hill with a rebound.
13:07 of 1st period - Slapshot by Julius Honka.
13:07 of 1st period - Shot Misses the Net.
13:09 of 1st period - Wrist shot by Dillon Dube.
13:09 of 1st period - Stopped by Adin Hill with a rebound.
13:23 of 1st period - Slapshot by Ben Johnson.
13:23 of 1st period - Stopped by Adin Hill without a rebound.
13:24 of 1st period - JJ. Piccinich wins face-off versus Michael McLeod in Eagles zone.
13:31 of 1st period - Snap shot by Michael McLeod.
13:31 of 1st period - Stopped by Mackenzie Blackwood with a rebound.
13:49 of 1st period - Declan Chisholm is hit by Brett Leason and loses puck.
14:36 of 1st period - Slapshot by Hudson Fasching.
14:36 of 1st period - Stopped by Adin Hill without a rebound.
14:37 of 1st period - Hudson Fasching wins face-off versus Michael McLeod in Eagles zone.
15:06 of 1st period - Wrist shot by Hudson Fasching.
15:06 of 1st period - Shot Misses the Net.
15:08 of 1st period - Snap shot by Calle Andersson.
15:08 of 1st period - Shot Misses the Net.
15:10 of 1st period - Backhand shot by Dillon Dube.
15:10 of 1st period - Stopped by Adin Hill without a rebound.
15:11 of 1st period - Andrew Poturalski wins face-off versus Matteson Iacopelli in Eagles zone.
15:26 of 1st period - Wrist shot by Andrew Poturalski.
15:26 of 1st period - Shot Misses the Net.
15:36 of 1st period - Julius Honka is hit by Pius Suter and loses puck.
16:05 of 1st period - Wrist shot by Hudson Fasching.
16:05 of 1st period - Stopped by Adin Hill without a rebound.
16:06 of 1st period - Dillon Dube wins face-off versus Michael McLeod in Eagles zone.
16:33 of 1st period - Snap shot by Hudson Fasching.
16:33 of 1st period - Shot Misses the Net.
16:35 of 1st period - Wrist shot by Dillon Dube.
16:35 of 1st period - Goal by Dillon Dube - Eagles : 1 - Icehogs : 3.
16:36 of 1st period - Jack Hughes wins face-off versus Dillon Dube in neutral zone.
16:39 of 1st period - Wrist shot by Matteson Iacopelli.
16:39 of 1st period - Stopped by Mackenzie Blackwood with a rebound.
16:47 of 1st period - Wrist shot by Hudson Fasching.
16:47 of 1st period - Shot Blocked by Connor Carrick.
16:49 of 1st period - Snap shot by Dillon Dube.
16:49 of 1st period - Deflect By Hudson Fasching.
16:49 of 1st period - Stopped by Adin Hill without a rebound.
16:50 of 1st period - Jack Hughes wins face-off versus Andrew Poturalski in Eagles zone.
16:50 of 1st period - Jack Hughes is hit by Andrew Poturalski.
17:00 of 1st period - Slapshot by Andrew Poturalski.
17:00 of 1st period - Stopped by Adin Hill with a rebound.
18:09 of 1st period - Snap shot by Michael McLeod.
18:09 of 1st period - Stopped by Mackenzie Blackwood without a rebound.
18:10 of 1st period - Andrew Poturalski wins face-off versus Sam Steel in Icehogs zone.
18:10 of 1st period - Andrew Poturalski is hit by Sam Steel.
18:16 of 1st period - Slapshot by Nikita Scherbak.
18:16 of 1st period - Shot Misses the Net.
19:13 of 1st period - Keaton Middleton is hit by Ross Johnston and loses puck.
19:24 of 1st period - Snap shot by Mitchell Chaffee.
19:24 of 1st period - Deflect By Maxim Letunov.
19:24 of 1st period - Shot Blocked by Keaton Middleton.
19:24 of 1st period - Puck is out of play.
19:25 of 1st period - Sam Steel wins face-off versus Maxim Letunov in Eagles zone.
19:28 of 1st period - Wrist shot by Maxim Letunov.
19:28 of 1st period - Stopped by Adin Hill with a rebound.
19:38 of 1st period - Snap shot by Sam Steel.
19:38 of 1st period - Shot Misses the Net.
19:53 of 1st period - Minor Penalty to Tyler Motte for Interference.
19:54 of 1st period - Dillon Dube wins face-off versus Michael Carcone in Eagles zone.
Goals for this period are 1 for Eagles vs 3 for Icehogs.
Shots for this period are 11 for Eagles vs 21 for Icehogs.
2nd period
0:01 of 2nd period - Dillon Dube wins face-off versus Michael McLeod in neutral zone.
0:16 of 2nd period - Snap shot by Mikhail Grigorenko.
0:16 of 2nd period - Goal by Mikhail Grigorenko - Eagles : 1 - Icehogs : 4.
0:17 of 2nd period - Jack Hughes wins face-off versus Dillon Dube in neutral zone.
0:50 of 2nd period - Wrist shot by Nikita Scherbak.
0:50 of 2nd period - Shot Misses the Net.
0:52 of 2nd period - Slapshot by Julius Honka.
0:52 of 2nd period - Shot Blocked by Michael McLeod.
0:54 of 2nd period - Wrist shot by Nikita Scherbak.
0:54 of 2nd period - Shot Misses the Net.
1:34 of 2nd period - Snap shot by Jack Dougherty.
1:34 of 2nd period - Deflect By Pius Suter.
1:34 of 2nd period - Shot Misses the Net.
1:34 of 2nd period - Puck is out of play.
1:35 of 2nd period - Jack Hughes wins face-off versus Dillon Dube in Icehogs zone.
2:02 of 2nd period - Nils Hoglander is hit by Jonathan Racine and loses puck.
2:13 of 2nd period - Sam Steel is hit by Nils Hoglander and loses puck.
2:46 of 2nd period - Snap shot by Michael McLeod.
2:46 of 2nd period - Shot Misses the Net.
2:54 of 2nd period - Connor Carrick is hit by Gabriel Fortier and loses puck.
3:53 of 2nd period - Slapshot by Matthew Phillips.
3:53 of 2nd period - Deflect By Pius Suter.
3:53 of 2nd period - Shot Misses the Net.
3:53 of 2nd period - Puck is out of play.
3:54 of 2nd period - Ben Johnson wins face-off versus Matthew Phillips in Icehogs zone.
5:02 of 2nd period - Slapshot by Jack Dougherty.
5:02 of 2nd period - Shot Hit the Post.
5:04 of 2nd period - Slapshot by Mattias Samuelsson.
5:04 of 2nd period - Stopped by Mackenzie Blackwood with a rebound.
5:06 of 2nd period - Wrist shot by Zach Aston-Reese.
5:06 of 2nd period - Shot Blocked by Jeremy Davies.
6:06 of 2nd period - Snap shot by Andrew Poturalski.
6:06 of 2nd period - Stopped by Adin Hill with a rebound.
6:08 of 2nd period - Snap shot by Nils Hoglander.
6:08 of 2nd period - Stopped by Adin Hill with a rebound.
6:12 of 2nd period - Wrist shot by Nikita Scherbak.
6:12 of 2nd period - Shot Misses the Net.
6:22 of 2nd period - Julius Honka is hit by Keaton Middleton.
6:23 of 2nd period - Icing by Julius Honka.
6:24 of 2nd period - Maxim Letunov wins face-off versus Zach Aston-Reese in Icehogs zone.
6:24 of 2nd period - Maxim Letunov is hit by Jonathan Racine.
6:38 of 2nd period - Snap shot by Zach Aston-Reese.
6:38 of 2nd period - Shot Misses the Net.
7:09 of 2nd period - Patrick Sieloff is hit by Sam Steel and loses puck.
7:14 of 2nd period - Snap shot by Matthew Phillips.
7:14 of 2nd period - Stopped by Mackenzie Blackwood with a rebound.
7:16 of 2nd period - Snap shot by Sam Steel.
7:16 of 2nd period - Stopped by Mackenzie Blackwood with a rebound.
7:18 of 2nd period - Slapshot by Kevin Bahl.
7:18 of 2nd period - Shot Misses the Net.
7:20 of 2nd period - Wrist shot by Mattias Samuelsson.
7:20 of 2nd period - Deflect By Sam Steel.
7:20 of 2nd period - Stopped by Mackenzie Blackwood with a rebound.
7:22 of 2nd period - Wrist shot by Pius Suter.
7:22 of 2nd period - Stopped by Mackenzie Blackwood without a rebound.
7:23 of 2nd period - Michael McLeod wins face-off versus Andrew Poturalski in Icehogs zone.
7:38 of 2nd period - Wrist shot by Michael Carcone.
7:38 of 2nd period - Stopped by Mackenzie Blackwood without a rebound.
7:39 of 2nd period - Jack Hughes wins face-off versus Ben Johnson in Icehogs zone.
8:06 of 2nd period - Declan Chisholm is hit by Connor Carrick and loses puck.
8:15 of 2nd period - Slapshot by Gabriel Vilardi.
8:15 of 2nd period - Goal by Gabriel Vilardi - Eagles : 2 - Icehogs : 4.
8:16 of 2nd period - Dillon Dube wins face-off versus Michael McLeod in neutral zone.
8:29 of 2nd period - Michael McLeod is hit by Julius Honka and loses puck.
8:48 of 2nd period - Snap shot by Nikita Scherbak.
8:48 of 2nd period - Shot Misses the Net.
8:50 of 2nd period - Snap shot by Nils Hoglander.
8:50 of 2nd period - Shot Misses the Net.
8:52 of 2nd period - Snap shot by Nils Hoglander.
8:52 of 2nd period - Shot Misses the Net.
10:24 of 2nd period - Julius Honka is hit by Jonathan Racine and loses puck.
11:09 of 2nd period - Slapshot by Julius Honka.
11:09 of 2nd period - Shot Blocked by Jack Dougherty.
11:35 of 2nd period - Backhand shot by Nikita Scherbak.
11:35 of 2nd period - Shot Misses the Net.
11:37 of 2nd period - Wrist shot by Nikita Scherbak.
11:37 of 2nd period - Stopped by Adin Hill with a rebound.
11:39 of 2nd period - Slapshot by Jeremy Davies.
11:39 of 2nd period - Shot Blocked by Tyler Motte.
11:41 of 2nd period - Slapshot by Nils Hoglander.
11:41 of 2nd period - Stopped by Adin Hill without a rebound.
11:42 of 2nd period - Dillon Dube wins face-off versus Michael McLeod in Eagles zone.
11:45 of 2nd period - Wrist shot by Hudson Fasching.
11:45 of 2nd period - Stopped by Adin Hill with a rebound.
11:57 of 2nd period - Dillon Dube is hit by Michael Carcone and loses puck.
12:32 of 2nd period - Snap shot by JJ. Piccinich.
12:32 of 2nd period - Stopped by Adin Hill with a rebound.
12:34 of 2nd period - Slapshot by Ben Johnson.
12:34 of 2nd period - Shot Blocked by Connor Carrick.
12:36 of 2nd period - Wrist shot by Ben Johnson.
12:36 of 2nd period - Shot Misses the Net.
13:07 of 2nd period - Icing by Keaton Middleton.
13:08 of 2nd period - Dillon Dube wins face-off versus Michael McLeod in Eagles zone.
14:01 of 2nd period - Keaton Middleton is hit by Calle Andersson and loses puck.
14:30 of 2nd period - Slapshot by Jack Hughes.
14:30 of 2nd period - Shot Misses the Net.
15:00 of 2nd period - Minor Penalty to Jack Dougherty for Cross-checking.
15:01 of 2nd period - Michael McLeod wins face-off versus Dillon Dube in Eagles zone.
15:18 of 2nd period - Slapshot by Mikhail Grigorenko.
15:18 of 2nd period - Stopped by Adin Hill without a rebound.
15:19 of 2nd period - Andrew Poturalski wins face-off versus Michael McLeod in Eagles zone.
15:51 of 2nd period - Minor Penalty to Mattias Samuelsson for Tripping.
15:52 of 2nd period - Michael McLeod wins face-off versus Dillon Dube in Eagles zone.
15:52 of 2nd period - Michael McLeod is hit by Mikhail Grigorenko.
16:23 of 2nd period - Keaton Middleton is hit by Julius Honka and loses puck.
17:00 of 2nd period - Penalty to Jack Dougherty is over, Jack Dougherty is back on ice.
17:16 of 2nd period - Patrick Sieloff is hit by Jack Hughes and loses puck.
17:51 of 2nd period - Penalty to Mattias Samuelsson is over, Mattias Samuelsson is back on ice.
17:57 of 2nd period - Snap shot by Patrick Sieloff.
17:57 of 2nd period - Shot Misses the Net.
18:07 of 2nd period - Wrist shot by Zach Aston-Reese.
18:07 of 2nd period - Shot Blocked by Declan Chisholm.
18:09 of 2nd period - Minor Penalty to Mitchell Chaffee for Boarding.
18:10 of 2nd period - Dillon Dube wins face-off versus Michael McLeod in Icehogs zone.
18:44 of 2nd period - Icing by Mattias Samuelsson.
18:45 of 2nd period - Dillon Dube wins face-off versus Michael McLeod in Eagles zone.
Goals for this period are 1 for Eagles vs 1 for Icehogs.
Shots for this period are 7 for Eagles vs 8 for Icehogs.
3rd period
0:01 of 3rd period - Dillon Dube wins face-off versus Jack Hughes in neutral zone.
0:04 of 3rd period - Slapshot by Patrick Sieloff.
0:04 of 3rd period - Deflect By Dillon Dube.
0:04 of 3rd period - Stopped by Adin Hill with a rebound.
0:09 of 3rd period - Penalty to Mitchell Chaffee is over, Mitchell Chaffee is back on ice.
0:14 of 3rd period - Wrist shot by Jack Hughes.
0:14 of 3rd period - Goal by Jack Hughes - Eagles : 3 - Icehogs : 4.
0:15 of 3rd period - Matteson Iacopelli wins face-off versus Hudson Fasching in neutral zone.
0:28 of 3rd period - Slapshot by Tyler Motte.
0:28 of 3rd period - Shot Misses the Net.
0:40 of 3rd period - Gabriel Vilardi is hit by Nikita Scherbak and loses puck.
1:03 of 3rd period - Slapshot by Sam Steel.
1:03 of 3rd period - Shot Misses the Net.
1:09 of 3rd period - Matthew Phillips is hit by Ross Johnston and loses puck.
1:50 of 3rd period - Snap shot by Jack Hughes.
1:50 of 3rd period - Shot Blocked by Dillon Dube.
1:52 of 3rd period - Slapshot by Jonathan Racine.
1:52 of 3rd period - Stopped by Mackenzie Blackwood without a rebound.
1:53 of 3rd period - Andrew Poturalski wins face-off versus Michael McLeod in Icehogs zone.
1:55 of 3rd period - Minor Penalty to Nikita Scherbak for Interference.
1:56 of 3rd period - Dillon Dube wins face-off versus Jack Hughes in Icehogs zone.
2:24 of 3rd period - Snap shot by Michael McLeod.
2:24 of 3rd period - Shot Misses the Net.
2:34 of 3rd period - Mikhail Grigorenko is hit by Gabriel Vilardi and loses puck.
2:59 of 3rd period - Jack Hughes is hit by Ross Johnston and loses puck.
3:55 of 3rd period - Penalty to Nikita Scherbak is over, Nikita Scherbak is back on ice.
4:09 of 3rd period - Nikita Scherbak is hit by Zach Aston-Reese and loses puck.
4:20 of 3rd period - Zach Whitecloud is hit by Elmer Soderblom and loses puck.
4:31 of 3rd period - Tyler Motte is hit by Gabriel Fortier and loses puck.
4:56 of 3rd period - Pius Suter is hit by Ross Johnston.
5:00 of 3rd period - Ross Johnston is hit by Jonathan Racine and loses puck.
5:34 of 3rd period - Zach Whitecloud is hit by Zach Aston-Reese and loses puck.
6:06 of 3rd period - Jack Dougherty is hit by Patrick Sieloff and loses puck.
7:17 of 3rd period - Icing by Andrew Poturalski.
7:18 of 3rd period - Jack Hughes wins face-off versus Andrew Poturalski in Icehogs zone.
7:19 of 3rd period - Snap shot by Matteson Iacopelli.
7:19 of 3rd period - Stopped by Mackenzie Blackwood without a rebound.
7:20 of 3rd period - Jack Hughes wins face-off versus Dillon Dube in Icehogs zone.
7:23 of 3rd period - Snap shot by Matteson Iacopelli.
7:23 of 3rd period - Shot Misses the Net.
7:25 of 3rd period - Slapshot by Jonathan Racine.
7:25 of 3rd period - Deflect By Jack Hughes.
7:25 of 3rd period - Shot Blocked by Mikhail Grigorenko.
7:25 of 3rd period - Puck is out of play.
7:26 of 3rd period - Gabriel Vilardi wins face-off versus Mikhail Grigorenko in Icehogs zone.
7:29 of 3rd period - Snap shot by Michael McLeod.
7:29 of 3rd period - Stopped by Mackenzie Blackwood with a rebound.
7:31 of 3rd period - Slapshot by Jonathan Racine.
7:31 of 3rd period - Stopped by Mackenzie Blackwood with a rebound.
7:33 of 3rd period - Snap shot by Michael Carcone.
7:33 of 3rd period - Deflect By Jeremy Davies.
7:33 of 3rd period - Stopped by Mackenzie Blackwood with a rebound.
8:50 of 3rd period - Gabriel Fortier is hit by Brett Leason and loses puck.
9:02 of 3rd period - Off-side.
9:03 of 3rd period - Michael McLeod wins face-off versus Hudson Fasching in neutral zone.
9:03 of 3rd period - Michael McLeod is hit by Mikhail Grigorenko.
9:12 of 3rd period - Minor Penalty to Jeremy Davies for Roughing.
9:13 of 3rd period - Mikhail Grigorenko wins face-off versus Michael McLeod in Icehogs zone.
9:25 of 3rd period - Wrist shot by Michael McLeod.
9:25 of 3rd period - Goal by Michael McLeod - Eagles : 4 - Icehogs : 4.
9:26 of 3rd period - Gabriel Vilardi wins face-off versus Dillon Dube in neutral zone.
9:32 of 3rd period - Icing by Patrick Sieloff.
9:33 of 3rd period - Dillon Dube wins face-off versus Michael McLeod in Icehogs zone.
9:40 of 3rd period - Slapshot by Julius Honka.
9:40 of 3rd period - Shot Misses the Net.
10:04 of 3rd period - Snap shot by Hudson Fasching.
10:04 of 3rd period - Shot Blocked by Michael McLeod.
10:06 of 3rd period - Slapshot by Julius Honka.
10:06 of 3rd period - Stopped by Adin Hill with a rebound.
10:08 of 3rd period - Snap shot by Dillon Dube.
10:08 of 3rd period - Shot Misses the Net.
10:26 of 3rd period - Snap shot by Hudson Fasching.
10:26 of 3rd period - Shot Misses the Net.
10:28 of 3rd period - Slapshot by Dillon Dube.
10:28 of 3rd period - Shot Blocked by Michael McLeod.
10:30 of 3rd period - Snap shot by Dillon Dube.
10:30 of 3rd period - Icehogs goal is going for a video replay.
10:30 of 3rd period - The goal is good.
10:30 of 3rd period - Goal by Dillon Dube - Eagles : 4 - Icehogs : 5.
10:31 of 3rd period - Jack Hughes wins face-off versus Andrew Poturalski in neutral zone.
10:34 of 3rd period - Wrist shot by Connor Carrick.
10:34 of 3rd period - Shot Misses the Net.
11:03 of 3rd period - Kevin Bahl is hit by Ross Johnston and loses puck.
13:01 of 3rd period - Mitchell Chaffee is hit by Elmer Soderblom.
13:11 of 3rd period - Snap shot by Zach Aston-Reese.
13:11 of 3rd period - Stopped by Mackenzie Blackwood without a rebound.
13:12 of 3rd period - Jack Hughes wins face-off versus Dillon Dube in Icehogs zone.
13:43 of 3rd period - Snap shot by JJ. Piccinich.
13:43 of 3rd period - Shot Blocked by Jonathan Racine.
13:45 of 3rd period - Snap shot by Ross Johnston.
13:45 of 3rd period - Shot Misses the Net.
13:55 of 3rd period - Wrist shot by Jack Hughes.
13:55 of 3rd period - Stopped by Mackenzie Blackwood without a rebound.
13:56 of 3rd period - Andrew Poturalski wins face-off versus Michael McLeod in Icehogs zone.
15:12 of 3rd period - Slapshot by Jeremy Davies.
15:12 of 3rd period - Shot Misses the Net.
15:14 of 3rd period - Snap shot by Mitchell Chaffee.
15:14 of 3rd period - Stopped by Adin Hill without a rebound.
15:15 of 3rd period - Dillon Dube wins face-off versus Sam Steel in Eagles zone.
15:28 of 3rd period - Wrist shot by Mikhail Grigorenko.
15:28 of 3rd period - Stopped by Adin Hill without a rebound.
15:29 of 3rd period - Dillon Dube wins face-off versus Michael McLeod in Eagles zone.
15:42 of 3rd period - Snap shot by Michael McLeod.
15:42 of 3rd period - Shot Blocked by Patrick Sieloff.
15:44 of 3rd period - Slapshot by Jack Dougherty.
15:44 of 3rd period - Deflect By Dillon Dube.
15:44 of 3rd period - Stopped by Mackenzie Blackwood with a rebound.
15:50 of 3rd period - Minor Penalty to Mikhail Grigorenko for Tripping.
15:51 of 3rd period - Jack Hughes wins face-off versus Nikita Scherbak in Icehogs zone.
16:02 of 3rd period - Snap shot by Matthew Phillips.
16:02 of 3rd period - Deflect By Dillon Dube.
16:02 of 3rd period - Stopped by Mackenzie Blackwood with a rebound.
16:04 of 3rd period - Snap shot by Jack Hughes.
16:04 of 3rd period - Shot Misses the Net.
17:47 of 3rd period - Julius Honka is hit by Jonathan Racine and loses puck.
17:50 of 3rd period - Penalty to Mikhail Grigorenko is over, Mikhail Grigorenko is back on ice.
17:52 of 3rd period - Backhand shot by Zach Aston-Reese.
17:52 of 3rd period - Shot Misses the Net.
17:54 of 3rd period - Slapshot by Keaton Middleton.
17:54 of 3rd period - Stopped by Mackenzie Blackwood without a rebound.
17:55 of 3rd period - Andrew Poturalski wins face-off versus Jack Hughes in Icehogs zone.
18:02 of 3rd period - Wrist shot by Andrew Poturalski.
18:02 of 3rd period - Shot Blocked by Jonathan Racine.
18:52 of 3rd period - Off-side.
18:53 of 3rd period - Joël Bouchard call a timeout for Eagles.
18:53 of 3rd period - Zach Aston-Reese wins face-off versus Dillon Dube in neutral zone.
19:06 of 3rd period - Wrist shot by Mikhail Grigorenko.
19:06 of 3rd period - Stopped by Adin Hill with a rebound.
19:08 of 3rd period - Snap shot by Dillon Dube.
19:08 of 3rd period - Shot Misses the Net.
19:10 of 3rd period - Snap shot by Mikhail Grigorenko.
19:10 of 3rd period - Stopped by Adin Hill with a rebound.
19:12 of 3rd period - Wrist shot by Mikhail Grigorenko.
19:12 of 3rd period - Stopped by Adin Hill without a rebound.
19:13 of 3rd period - Gabriel Vilardi wins face-off versus Dillon Dube in Eagles zone.
19:32 of 3rd period - Patrick Sieloff is hit by Jack Dougherty and loses puck.
Goals for this period are 2 for Eagles vs 1 for Icehogs.
Shots for this period are 12 for Eagles vs 8 for Icehogs.
Output by the SimonT Hockey Simulator (STHS) for Francois Prevost